 Dungeon Crawl Stone Soup version 0.29-a0-284-gf9362112df (webtiles) character file.

Game seed: 10004058939471705230

2 being54 the Sneak (level 1, -1/16 HPs)
             Began as a Demonspawn Brigand on Mar 17, 2022.
             Slain by a jackal (3 damage)
             ... on level 1 of the Dungeon.
             The game lasted 00:00:14 (125 turns).

being54 the Sneak (Demonspawn Brigand)               Turns: 125, Time: 00:00:14

Health: -1/16      AC:  3    Str: 11    XL:     1   Next: 25%
Magic:  1/1        EV: 11    Int: 12    God:
Gold:   0          SH:  0    Dex: 14    Spells: 0/0 levels left

rFire   . . .      SeeInvis .   a - +2 dagger
rCold   . . .      Faith    .   (no shield)
rNeg    . . .      Spirit   .   b - +0 robe
rPois   .          Reflect  .   (no helmet)
rElec   .          Harm     .   c - +0 cloak
rCorr   .          Rampage  .   (no gloves)
Will    .....                   (no boots)
Stlth   ++........              (no amulet)
HPRegen 0.05/turn               (no ring)
MPRegen 0.07/turn               (no ring)

@: no status effects
A: no striking features
a: no special abilities


You were on level 1 of the Dungeon.
You visited 1 branch of the dungeon, and saw 1 of its levels.

Inventory:

Hand Weapons
 a - a +2 dagger (weapon)
Missiles
 d - 9 poisoned darts (quivered)
 e - 3 curare-tipped darts
Armour
 b - a +0 robe (worn)
 c - a +0 cloak (worn)
Scrolls
 f - a scroll of immolation {unknown}


   Skills:
 + Level 2.1 Fighting
 + Level 1.7 Short Blades
 + Level 1.7 Throwing
 + Level 0.8 Dodging
 + Level 3.6 Stealth


You couldn't memorise any spells.
You didn't know any spells.
Your spell library was empty.

Dungeon Overview and Level Annotations

Branches:
Dungeon (1/15)

Altars:


Message History

The bat hits you but does no damage. The bat closely misses you.
The kobold shouts!
You closely miss the kobold.
You hear a bark! x2
The bat hits you.
A jackal comes into view.
The kobold hits you with a +0 whip.
You closely miss the kobold. The bat hits you but does no damage.
The kobold misses you.
You hit the kobold.
You kill the kobold!
The bat misses you.
A jackal comes into view.
The bat hits you.
Things that are here:
a +0 whip; a kobold corpse You hit the jackal but do no damage.
The bat misses you. The jackal bites you.
You are too injured to fight recklessly!
You are too injured to fight recklessly!
You are too injured to fight recklessly!
You hit the jackal.
The jackal is moderately wounded.
The bat hits you but does no damage. The jackal bites you.
You closely miss the jackal.
The jackal is moderately wounded.
A kobold comes into view. It is wielding a +0 dagger.
The jackal closely misses you.
The kobold shouts!
You hit the jackal.
The jackal is heavily wounded.
You hear a bark!
The bat hits you. The jackal bites you.
* * * LOW HITPOINT WARNING * * *
The jackal bites you.
* * * LOW HITPOINT WARNING * * *
The bat barely misses you.
You hit the jackal but do no damage.
The jackal is heavily wounded.
The jackal bites you.
You die...

...# #.# #########.####..#
.# #.# #......(.....#..#
.#
#.###.##......##.#..#..#
#.............##.#..#..
#..##.######..##.#....
#..##.# #..##.#..# #
#..##.######..##.#b.##.###
..............#.@hh.......
...##.##.####.#..#.....###
.†.##.# # #....##..#.#
...##.##. ........ ....#
.................# ....#
.................. ...K..
.................. ....#..
.........###...#.# #..##..
#.#####.. ..#


You could see 2 jackals, a bat and a kobold.

Vanquished Creatures
  A giant cockroach (D:1)
  A kobold (D:1)
2 creatures vanquished.

Notes
Turn   | Place    | Note
-------+----------+-------------------------------------------
     0 | D:1      | being54 the Demonspawn Brigand began the quest for the Orb.
     0 | D:1      | Reached XP level 1. HP: 16/16 MP: 1/1
   125 | D:1      | Slain by a jackal

Illustrated notes

Levels and vault maps discovered:
D:1:      minmay_arrival_four_houses, layout_basic, hangedman_glass_teeth

Action                   || total
-------------------------++-------
Melee: Dagger            ||    15
Armor: Robe              ||     7
Dodge: Dodged            ||     6

Table legend: (Time is in decaauts)
 A = Elapsed time spent in this place.
 B = Non-inter-level travel time spent in this place.
 C = Inter-level travel time spent in this place.
 D = Time resting spent in this place.
 E = Time spent auto-exploring this place.
 F = Levels seen in this place.
 G = Mean time per level.
                   A        B        C        D        E       F      G
               +--------+--------+--------+--------+--------+-----+--------+
         Total |    123 |    123 |      0 |     64 |     33 |   1 |  123.0 |
       Dungeon |    123 |    123 |      0 |     64 |     33 |   1 |  123.0 |
               +--------+--------+--------+--------+--------+-----+--------+

Top non-repeatable levels by time:
     D:1: 123 daAuts
